[Event "Team 45 45 League T30"]
[Site "Internet Chess Club"]
[Date "2006.05.18"]
[Round "9"]
[White "achessman"]
[Black "Lipsome123"]
[Result "1-0"]
[WhiteElo "2034"]
[BlackElo "1888"]
[TimeControl "2700+45"]

1. e4 c6 2. d4 d5 3. exd5 cxd5 4. c4 Nf6 5. c5 Nc6 6. Nf3 Bg4 7. Bb5 Qa5+ 8. Nc3
Ne4 9. Qa4 Qxa4 10. Bxa4 Bxf3 11. gxf3 Nf6 12. Nb5 O-O-O 13. Be3 g6 14. O-O-O
Bg7 15. Rhe1 Nd7 16. Bf4 a6 17. Nc3 e6 18. Bxc6 bxc6 19. Na4 Rhe8 20. Bd6 e5 21.
dxe5 Bxe5 22. Bxe5 Nxe5 23. Nb6+ Kc7 24. Re3 Nd7 25. Nxd7 Kxd7 26. Rd4 Re6 27.
Ra4 Ra8 28. Kd2 Kc7 29. Rb3 Re5 30. Rb6 a5 31. Kd3 d4 32. Kxd4 Rd5+ 33. Kc4 Rh5
34. b4 Rh4+ 35. Kb3 Rd8 36. Rxa5 Rd3+ 37. Ka4 Rc4 38. Ra7+ Kc8 39. Rxf7 Rc2 40.
Rxc6+ {Black resigns} 1-0  aics%

[Event "Team 45 45 League T30"]
[Site "Internet Chess Club"]
[Date "2006.05.22"]
[Round "9"]
[White "QuantumWell"]
[Black "tourettes"]
[Result "1-0"]
[WhiteElo "2000"]
[BlackElo "1695"]
[TimeControl "2700+45"]

1. e4 e6 2. d4 d5 3. Nc3 Bb4 4. Bd2 Ne7 5. Bd3 Nbc6 6. a3 Ba5 7. Nf3 O-O 8. e5
Bb6 9. Be3 Ng6 10. O-O a6 11. b3 Nce7 12. Bg5 Bd7 13. Ne2 Qe8 14. c3 c5 15. dxc5
Bxc5 16. Ned4 Nc6 17. Qe2 Be7 18. Bxe7 Qxe7 19. Nxc6 Bxc6 20. Qe3 Rfc8 21. Rfc1
Qd7 22. Nd4 Qc7 23. f4 Qe7 24. c4 dxc4 25. Bxc4 Bd7 26. a4 h5 27. Bd3 h4 28.
Bxg6 fxg6 29. Qe4 g5 30. Qxb7 Rcb8 31. Qf3 gxf4 32. Qxf4 Rf8 33. Qe4 Qg5 34. Rc7
Rad8 35. Nf3 Rxf3 36. Qxf3 Qxe5 37. Rac1 Rf8 38. Qd3 Be8 39. Rc8 g5 40. Rxe8
Rxe8 41. Qg6+ Kf8 42. Rf1+ Ke7 43. Qf7+ {Black resigns} 1-0  aics%

[Event "Team 45 45 League T30"]
[Site "Internet Chess Club"]
[Date "2006.05.21"]
[Round "9"]
[White "kingfischer57"]
[Black "Theodulf"]
[Result "0-1"]
[WhiteElo "1724"]
[BlackElo "1665"]
[TimeControl "2700+45"]

1. d4 d5 2. c4 dxc4 3. Nf3 Nf6 4. e3 a6 5. Bxc4 b5 6. Bb3 Bb7 7. O-O e6 8. a4 b4
9. Nbd2 Nbd7 10. Nc4 c5 11. dxc5 Nxc5 12. Qxd8+ Rxd8 13. Bd1 Be7 14. Nce5 O-O
15. b3 Nd5 16. Nd4 Nc3 17. Bf3 Bxf3 18. Nexf3 Bf6 19. Bb2 e5 20. Nc6 Rd6 21.
Bxc3 bxc3 22. Ncxe5 Bxe5 23. Nxe5 Nxb3 24. Ra3 Rb8 25. Ra2 f6 26. Nf3 Rc8 27.
Rc2 Nd2 28. Rfc1 Nxf3+ 29. gxf3 Rdc6 30. Kf1 Rc4 31. Ke2 Kf7 32. Kd3 Rxa4 33.
Rxc3 Rxc3+ 34. Rxc3 Ra2 35. Rc2 Rxc2 36. Kxc2 g5 37. Kb3 Kg6 38. Ka4 Kh5 39. Ka5
Kh4 40. Kxa6 Kh3 41. Kb5 Kxh2 42. Kc5 Kg2 43. Kd5 Kxf3 44. Ke6 h5 45. Kxf6 h4
46. Kf5 h3 47. e4 h2 48. e5 h1=Q 49. e6 g4 50. e7 Qe1 51. Kf6 Qxe7+ 52. Kxe7
Kxf2 {White resigns} 0-1  aics%

[Event "Team 45 45 League T30"]
[Site "Internet Chess Club"]
[Date "2006.05.22"]
[Round "9"]
[White "clarnibass"]
[Black "crankn8tr"]
[Result "1-0"]
[WhiteElo "1728"]
[BlackElo "1635"]
[TimeControl "2700+45"]

1. e4 e5 2. Nf3 Nf6 3. Nxe5 d6 4. Nf3 Nxe4 5. d4 d5 6. Bd3 Be7 7. O-O O-O 8. c4
c6 9. Re1 Nd6 10. cxd5 cxd5 11. Nc3 Be6 12. Qc2 h6 13. Bf4 Nc6 14. a3 Bf6 15.
Rad1 Rc8 16. Qb1 Kh8 17. Ne2 a5 18. Ne5 a4 19. Bc2 b5 20. Nc3 Na5 21. Ng6+ fxg6
22. Rxe6 Ne4 23. Nxe4 dxe4 24. Bxe4 Bxd4 25. Be5 Nb3 26. Bxd4 Nxd4 27. Rxg6 Rc4
28. Bd3 Rc5 29. Rg4 Qf6 30. f3 Nb3 31. Re4 Qb6 32. Kh1 Rfc8 33. Ree1 b4 34. Bf5
Rf8 35. Be4 bxa3 36. bxa3 Qc7 37. Qd3 Rc3 38. Qd5 Na5 39. Qb5 Rxa3 40. Qb4
{Black resigns} 1-0  aics%

[Event "Team 45 45 League T30"]
[Site "Internet Chess Club"]
[Date "2006.05.18"]
[Round "9"]
[White "PublisherKing"]
[Black "Amauta"]
[Result "1-0"]
[WhiteElo "1967"]
[BlackElo "1937"]
[TimeControl "2700+45"]

1. Nf3 f5 2. c4 Nf6 3. d4 e6 4. Nc3 Be7 5. d5 O-O 6. Bf4 d6 7. dxe6 Bxe6 8. Nd4
Bxc4 9. e3 Bf7 10. Nxf5 Nc6 11. Bd3 Nb4 12. Bb1 Nbd5 13. Nxd5 Bxd5 14. O-O Qd7
15. Bg5 c6 16. Qd3 Be4 17. Nxe7+ Kh8 18. Qd1 Bxb1 19. Bxf6 Rxf6 20. Nxc6 Bxa2
21. Nb4 Bc4 22. Nd5 Rff8 23. Re1 Qc6 24. Nc3 Qb6 25. Qd2 Rad8 26. b3 Bf7 27.
Reb1 Rde8 28. Ne2 a6 29. Qd4 Qc5 30. b4 Qc4 31. Rb2 Qxd4 32. Nxd4 Bc4 33. Rd1 h6
34. Rbd2 d5 35. h3 Kh7 36. Nf3 Rf6 37. Rb2 Rb6 38. Nd4 Rf8 39. Rdd2 Rg6 40. Rdc2
Rf7 41. Rc3 Rb6 42. Rc1 a5 43. b5 Rbf6 44. Nf3 Re7 45. Nd2 Bd3 46. Rc3 Bg6 47.
Nb3 b6 48. Nd4 Be4 49. f3 Bg6 50. Kf2 Be8 51. Rc8 Kg6 52. Rbc2 Bd7 53. R8c7 Kf7
54. Rb7 Bf5 55. Rcc7 Rxc7 56. Rxc7+ Kf8 57. Nxf5 Rxf5 58. Rb7 Rf6 59. Rd7 Rf7
60. Rxd5 Ke7 61. e4 Rf8 62. Ke3 Rc8 63. f4 Rc1 64. Re5+ Kf6 65. g4 a4 66. Re8
Rc3+ 67. Kd4 Rb3 68. Ra8 Rb4+ 69. Kd5 Rxb5+ 70. Kd6 Ra5 71. e5+ Kg6 72. Rxa5
bxa5 73. e6 a3 74. e7 Kf7 75. Kd7 {Black resigns} 1-0  aics%

[Event "Team 45 45 League T30"]
[Site "Internet Chess Club"]
[Date "2006.05.20"]
[Round "9"]
[White "room-matt"]
[Black "kabindra"]
[Result "1/2-1/2"]
[WhiteElo "1850"]
[BlackElo "1800"]
[TimeControl "2700+45"]

1. e4 e5 2. Bc4 Nc6 3. Nc3 Nf6 4. d3 Na5 5. Qf3 Nxc4 6. dxc4 Be7 7. Nge2 h6 8.
O-O d6 9. h3 Be6 10. b3 c6 11. Rd1 Qc7 12. a4 O-O 13. Ng3 Rad8 14. Nf5 Bxf5 15.
Qxf5 Qd7 16. Qf3 Kh7 17. Be3 Qc7 18. a5 Ra8 19. b4 d5 20. exd5 Bxb4 21. Ne4 Nxe4
22. Qf5+ Kh8 23. Qxe4 f5 24. Qf3 e4 25. Bf4 Bd6 26. Bxd6 Qxd6 27. Qc3 f4 28. c5
Qg6 29. d6 Rf5 30. d7 Rd8 31. Rd6 Qf7 32. Rxh6+ Kg8 33. Rd6 Rxd7 34. Qb3 Rxd6
35. cxd6 Qxb3 36. cxb3 Rd5 37. Re1 Rxd6 38. Rxe4 Rf6 39. Re8+ Rf8 40. Re4 g6 41.
h4 a6 42. Kh2 Rf5 43. b4 Kf7 44. Kh3 c5 45. bxc5 Rxc5 46. Rxf4+ Kg7 47. Ra4 Kh6
48. f4 Kh5 49. g4+ Kh6 50. Ra3 Rb5 51. Kg3 Rb1 52. f5 gxf5 53. gxf5 Rg1+ 54. Kf4
Kh5 55. Rb3 Kxh4 56. Rxb7 Rf1+ 57. Ke5 Ra1 58. f6 Rxa5+ 59. Ke6 Ra1 60. f7 Re1+
61. Kd6 Rf1 62. Ke7 Re1+ 63. Kf8 Kh5 64. Re7 Rb1 65. Re6 a5 66. Re5+ Kh6 67.
Rxa5 Rb8+ 68. Ke7 Rb7+ 69. Kf6 Rb6+ 70. Ke5 Rb8 71. Kd6 Rb6+ 72. Kc5 Rf6 73. Ra7
Kg7 {Game drawn by mutual agreement} 1/2-1/2  aics%

[Event "Team 45 45 League T30"]
[Site "Internet Chess Club"]
[Date "2006.05.19"]
[Round "9"]
[White "NESKAYA"]
[Black "Simonside"]
[Result "0-1"]
[WhiteElo "1594"]
[BlackElo "1888"]
[TimeControl "2700+45"]

1. e4 e5 2. Nf3 Nc6 3. Bc4 Nf6 4. O-O Bc5 5. d3 O-O 6. Bg5 h6 7. Bh4 d6 8. Nbd2
Na5 9. a3 Nxc4 10. Nxc4 b5 11. Ncd2 a5 12. h3 Bd7 13. c3 Bb6 14. b4 axb4 15.
axb4 Qe7 16. Qe2 Qe6 17. Bxf6 Qxf6 18. c4 g5 19. Nh2 Bd4 20. Rxa8 Rxa8 21. Ndf3
Bc3 22. Rb1 Ra4 23. c5 Bxb4 24. cxd6 Qxd6 25. Qb2 f6 26. Ng4 Bxg4 27. hxg4 Qxd3
28. Qb3+ Qxb3 29. Rxb3 c5 30. Nh2 c4 31. Rb1 c3 32. Nf1 Bd6 33. f3 c2 34. Rc1
Bc5+ 35. Kh2 Ra2 36. Ng3 Be3 {White resigns} 0-1  aics%

[Event "Team 45 45 League T30"]
[Site "Internet Chess Club"]
[Date "2006.05.22"]
[Round "9"]
[White "bondguy01"]
[Black "Ingo"]
[Result "1-0"]
[WhiteElo "1654"]
[BlackElo "1666"]
[TimeControl "2700+45"]

1. d4 f5 2. Nc3 Nf6 3. Bg5 d5 4. Bxf6 exf6 5. e3 g6 6. Qf3 c6 7. Bd3 Bg7 8. h4
Be6 9. Nh3 Nd7 10. Nf4 Qe7 11. O-O-O O-O-O 12. Nxe6 Qxe6 13. h5 Qf7 14. hxg6
hxg6 15. g4 fxg4 16. Qxg4 f5 17. Qf3 Rxh1 18. Rxh1 Rh8 19. Rxh8+ Bxh8 20. Qh3
Bf6 21. f4 Qg7 22. Ne2 Qh8 23. Qg2 Qg7 24. c4 Nb6 25. c5 Nd7 26. a4 Nf8 27. Nc3
Ne6 28. b4 Bxd4 29. exd4 Qe5 {Black resigns} 1-0  aics%  Sir-Knightly(340): me
too aics%

[Event "Team 45 45 League T30"]
[Site "Internet Chess Club"]
[Date "2006.05.20"]
[Round "9"]
[White "Sir-Knightly"]
[Black "NFork"]
[Result "1-0"]
[WhiteElo "2337"]
[BlackElo "2077"]
[TimeControl "2700+45"]

1. d4 Nf6 2. c4 d6 3. Nc3 Bf5 4. Nf3 c6 5. g3 h6 6. Bg2 Nbd7 7. Nh4 Bh7 8. e4
Qa5 9. O-O g5 10. Nf5 Bxf5 11. exf5 Qxf5 12. Qb3 Rb8 13. Bd2 e6 14. Rae1 Be7 15.
Nd1 g4 16. Ne3 Qg6 17. f4 gxf3 18. Rxf3 Ne4 19. Bb4 O-O 20. Ref1 c5 21. dxc5
Ndxc5 22. Qc2 Ng5 23. Rxf7 Qxc2 24. Rxf8+ Bxf8 25. Nxc2 Bg7 26. Rd1 Nf7 27. Nd4
Bxd4+ 28. Rxd4 b5 29. cxb5 Rxb5 30. b3 a5 31. Bc3 d5 32. Bf1 Rb7 33. Bxa5 Ne4
34. Bd3 Neg5 35. Rb4 Ra7 36. Rb8+ Kg7 37. Bc3+ e5 38. h4 Nf3+ 39. Kf2 Nh2 40. a4
Rc7 41. Bb2 Rc6 42. a5 Ng4+ 43. Ke2 Rf6 44. Kd2 Rf2+ 45. Kc1 Rf3 46. a6 Rxd3 47.
a7 Ne3 48. Kb1 Rd1+ 49. Ka2 {Black resigns} 1-0  aics%

[Event "Team 45 45 League T30"]
[Site "Internet Chess Club"]
[Date "2006.05.22"]
[Round "9"]
[White "NoLuckOnlySkill"]
[Black "SaltofLife"]
[Result "0-1"]
[WhiteElo "1950"]
[BlackElo "2031"]
[TimeControl "2700+45"]

1. e4 c5 2. Nf3 g6 3. c3 d5 4. Bb5+ Bd7 5. Bxd7+ Qxd7 6. exd5 Qxd5 7. Qa4+ Nc6
8. O-O Nf6 9. d4 cxd4 10. Nxd4 Qa5 11. Qb3 Nxd4 12. cxd4 Qd5 13. Qxd5 Nxd5 14.
Nc3 Rd8 15. Bg5 h6 16. Bh4 Bg7 17. Rad1 g5 18. Bg3 O-O 19. Rfe1 Rfe8 20. Be5 f6
21. Bg3 Kf7 22. Kf1 Rd7 23. Ne4 b6 24. Nc3 Red8 25. Re2 Nxc3 26. bxc3 e5 27.
Rde1 exd4 28. cxd4 Bf8 29. Rc1 Rxd4 30. Rc7+ R8d7 31. Rec2 Bc5 32. f3 Rxc7 33.
Bxc7 Ke6 34. Bb8 a5 35. Bg3 Rd1+ 36. Ke2 Rd5 37. Bc7 Bd4 38. Rc6+ Kd7 39. Rc2
Rc5 40. Rxc5 Bxc5 41. Bg3 b5 42. Be1 a4 43. Kd3 Ke6 44. Ba5 h5 45. Bd8 b4 46.
Kc4 b3 47. axb3 a3 48. Ba5 a2 49. Bc3 Bd6 50. b4 Be5 51. Kb3 Bxc3 52. Kxa2 Bxb4
53. Kb3 Bd6 54. Kc4 Bxh2 55. Kd3 Kf5 56. Ke3 Bg1+ 57. Ke2 Kf4 58. Kd3 f5 59. Ke2
Kg3 60. Kf1 Bd4 {White resigns} 0-1  aics%  Theodulf(340): This was a good day
:-) aics%

[Event "Team 45 45 League T30"]
[Site "Internet Chess Club"]
[Date "2006.05.21"]
[Round "9"]
[White "trivialpursuit"]
[Black "PUUNTUUPPAAJA"]
[Result "0-1"]
[WhiteElo "1918"]
[BlackElo "2060"]
[TimeControl "2700+45"]

1. e4 c5 2. Nc3 Nc6 3. g3 d6 4. Bg2 g6 5. d3 Bg7 6. Be3 Nf6 7. h3 Be6 8. Qd2 h6
9. Nge2 Rc8 10. O-O Qd7 11. Nf4 Nd4 12. Nxe6 fxe6 13. Nd1 e5 14. c3 Ne6 15. f4
Nf8 16. Nf2 Nh5 17. Kh2 exf4 18. gxf4 e5 19. f5 Nf4 20. Bf3 h5 21. Bxf4 exf4 22.
Rg1 Qf7 23. Rg2 Bf6 24. fxg6 Nxg6 25. Rxg6 Qxg6 26. Rg1 Qf7 27. b3 Bh4 28. Nh1
Ke7 29. d4 cxd4 30. Qxd4 Rhg8 31. e5 Rxg1 32. Qxd6+ Ke8 33. Kxg1 Rd8 34. Qh6 Kd7
35. Bxh5 Rg8+ 36. Kf1 Qd5 37. Qd6+ Qxd6 38. exd6 Kxd6 39. Nf2 Bxf2 40. Kxf2 Rg3
41. Bg4 Rxc3 42. h4 Ke5 43. h5 Kf6 44. Bd1 Kg5 45. b4 Rd3 46. Be2 Rd2 47. a4 Rb2
48. b5 Ra2 49. b6 axb6 50. Kf3 Ra3+ 51. Kg2 Rxa4 52. Bf3 Ra2+ 53. Kf1 b5 54. Ke1
b4 55. Kd1 Rf2 56. Bxb7 Kxh5 57. Bd5 Kg4 58. Ke1 Kg3 59. Bb3 Kf3 60. Bc4 Ke3 61.
Kd1 Rd2+ 62. Kc1 f3 63. Kb1 f2 64. Kc1 Re2 65. Kd1 f1=Q# {White checkmated} 0-1 
aics%

[Event "Team 45 45 League T30"]
[Site "Internet Chess Club"]
[Date "2006.05.20"]
[Round "9"]
[White "bahus"]
[Black "JudokaUsa"]
[Result "1/2-1/2"]
[WhiteElo "1888"]
[BlackElo "1900"]
[TimeControl "2700+45"]

1. e4 e5 2. Nf3 Nc6 3. Bb5 a6 4. Ba4 Nf6 5. O-O Be7 6. Re1 b5 7. Bb3 d6 8. c3
O-O 9. h3 Na5 10. Bc2 c5 11. d4 Nd7 12. dxc5 dxc5 13. Nbd2 Bb7 14. Qe2 Qc7 15.
Nf1 Nc4 16. Ne3 Nxe3 17. Bxe3 c4 18. Rad1 Nc5 19. Bc1 Rad8 20. Nh2 Rxd1 21. Rxd1
Rd8 22. f3 Ne6 23. Ng4 h5 24. Rxd8+ Bxd8 25. Ne3 Nf4 26. Qd1 Qb6 27. Kh2 Bg5 28.
Nd5 Qf2 29. Nxf4 Bxf4+ 30. Bxf4 exf4 31. e5 g6 32. Qd8+ Kh7 33. Bxg6+ fxg6 34.
Qe7+ Kh8 35. Qf8+ Kh7 36. Qf7+ Kh8 {Game drawn by mutual agreement} 1/2-1/2 
aics%

[Event "Team 45 45 League T30"]
[Site "Internet Chess Club"]
[Date "2006.05.22"]
[Round "9"]
[White "RD1974"]
[Black "Joyoyo"]
[Result "0-1"]
[WhiteElo "1590"]
[BlackElo "1690"]
[TimeControl "2700+45"]

1. e4 e5 2. Bc4 Nf6 3. d3 d5 4. exd5 Nxd5 5. Qf3 Nf6 6. Bg5 Be7 7. Nc3 O-O 8.
Qg3 Nbd7 9. Nf3 Nh5 10. Qh4 Bxg5 11. Nxg5 h6 12. Qxh5 Qxg5 13. Qxg5 hxg5 14. Ne4
Nb6 15. Bb3 g4 16. O-O-O Bf5 17. Ng5 a5 18. a3 a4 19. Ba2 g6 20. h4 Nd7 21. h5
gxh5 22. Rxh5 Bg6 23. Rh4 Nf6 24. Re1 Rae8 25. Kd2 Kg7 26. Ne4 Nxe4+ 27. dxe4
Rd8+ 28. Kc1 g3 29. f3 c6 30. Rg4 b5 31. Rxg3 Rh8 32. Rd1 Rxd1+ 33. Kxd1 Rh1+
34. Kd2 Ra1 35. Bd5 cxd5 36. exd5 Kf6 37. Rg4 Ke7 38. Rb4 Kd6 39. Rxb5 Rg1 40.
c4 Rxg2+ 41. Ke3 Rc2 42. Rb6+ Kc7 43. Rc6+ Kd7 44. f4 exf4+ 45. Kxf4 Bd3 46. c5
Rxb2 47. Ra6 Bxa6 48. Ke5 Rb3 49. c6+ Kc7 50. Kd4 Kd6 51. c7 Rxa3 52. c8=N+ Bxc8
53. Ke4 Ra1 54. Kd3 Rb1 55. Kc2 Rb8 56. Kc3 a3 57. Kd3 a2 58. Kc4 a1=Q 59. Kd3
Qe5 60. Kc4 Qxd5+ 61. Kc3 Rb3+ 62. Kc2 Bf5+ 63. Kc1 Rc3+ 64. Kb2 Qb3+ {White
resigns} 0-1  aics%

[Event "Team 45 45 League T30"]
[Site "Internet Chess Club"]
[Date "2006.05.21"]
[Round "9"]
[White "ogoon"]
[Black "Rainbird"]
[Result "0-1"]
[WhiteElo "1682"]
[BlackElo "1719"]
[TimeControl "2700+45"]

1. e4 c5 2. Nf3 e6 3. d4 cxd4 4. Nxd4 Nc6 5. a3 Qc7 6. Nc3 a6 7. Bg5 Nxd4 8.
Qxd4 Qc5 9. Be3 Qxd4 10. Bxd4 Ne7 11. Bd3 Nc6 12. Be3 b5 13. O-O Bb7 14. b4 Be7
15. Bf4 Bf6 16. Bd2 O-O 17. Rad1 Rac8 18. Nb1 Ne5 19. f4 Nc4 20. e5 Be7 21. Bxc4
Rxc4 22. c3 Rd8 23. Be3 h6 24. Rd4 Rxd4 25. Bxd4 d6 26. Nd2 dxe5 27. fxe5 Bd5
28. Nf3 Rc8 29. Ra1 Bb3 30. Nd2 Bd5 31. a4 Bg5 32. Nf3 Bxf3 33. gxf3 Bd2 34.
axb5 axb5 35. Ra2 Bxc3 36. Rc2 Bxd4+ {White resigns} 0-1  aics%

[Event "Team 45 45 League T30"]
[Site "Internet Chess Club"]
[Date "2006.05.21"]
[Round "9"]
[White "gessie7"]
[Black "clarinetref"]
[Result "1-0"]
[WhiteElo "1508"]
[BlackElo "1624"]
[TimeControl "2700+45"]

1. e4 d6 2. d4 Nf6 3. Nc3 g6 4. Bd3 e5 5. d5 c6 6. Bg5 h6 7. Bxf6 Qxf6 8. Qf3
Qxf3 9. Nxf3 Bg7 10. O-O-O O-O 11. h3 Re8 12. g4 b5 13. dxc6 b4 14. Nd5 Na6 15.
Bxa6 Bxa6 16. Nc7 Be2 17. Rxd6 Bxf3 18. Nxa8 Bxh1 19. c7 Rxa8 20. Rd8+ Rxd8 21.
cxd8=Q+ Bf8 22. Qd3 Bg2 23. c4 Bc5 24. Qd5 Bd4 25. c5 Bxh3 26. f3 h5 27. c6 hxg4
28. Qd8+ Kg7 29. Qh4 Bf1 30. Qxg4 Bb6 31. Qc8 Be2 32. c7 Bxf3 33. Qb7 Bxe4 34.
Qxe4 Bxc7 35. Qxb4 Bb6 36. Qe4 Bd4 37. b4 f5 38. Qh4 Be3+ 39. Kd1 g5 40. Qe1 f4
41. Ke2 Kf6 42. Kf3 Kg6 43. Qb1+ Kh5 44. Qf5 Kh6 45. Kg4 f3 46. Qxf3 Bf4 47.
Qh3+ Kg6 48. b5 e4 49. a4 Bd2 50. Qh5+ Kf6 51. Qh6+ Ke5 52. Qg7+ Kd5 53. Qd7+
{Black resigns} 1-0  aics%

[Event "Team 45 45 League T30"]
[Site "Internet Chess Club"]
[Date "2006.05.20"]
[Round "9"]
[White "smitty120"]
[Black "calily"]
[Result "1-0"]
[WhiteElo "1694"]
[BlackElo "1657"]
[TimeControl "2700+45"]

1. e4 e5 2. Nf3 Nf6 3. Nxe5 d6 4. Nf3 Nxe4 5. d4 d5 6. Bd3 Bd6 7. O-O O-O 8. c4
c6 9. Nc3 Re8 10. Re1 Nxc3 11. bxc3 Bg4 12. Bd2 Nd7 13. h3 Rxe1+ 14. Bxe1 Bxf3
15. Qxf3 Nf6 16. Bd2 Qd7 17. Bf5 Qc7 18. c5 Be7 19. Bf4 Qa5 20. Re1 Re8 21. g4
g6 22. g5 Ne4 23. Bxe4 dxe4 24. Rxe4 Kf8 25. Qe3 Qd8 26. h4 Qd7 27. Be5 Kg8 28.
Bf6 Kf8 29. h5 Bxf6 30. gxf6 Rxe4 31. Qxe4 Qe6 32. Qf4 Ke8 33. Qb8+ Kd7 34.
Qxb7+ Kd8 35. Qb8+ Kd7 36. Qxa7+ Kd8 37. Qb8+ Kd7 38. Qb7+ Kd8 39. Qb8+ Kd7 40.
Qd6+ Ke8 41. Qxe6+ fxe6 42. a4 {Black resigns} 1-0  aics%

[Event "Team 45 45 League T30"]
[Site "Internet Chess Club"]
[Date "2006.05.21"]
[Round "9"]
[White "mambomex"]
[Black "BorgCollective"]
[Result "1/2-1/2"]
[WhiteElo "1645"]
[BlackElo "1853"]
[TimeControl "2700+45"]

1. g3 e6 2. Bg2 f5 3. Nf3 Nf6 4. O-O Be7 5. d4 O-O 6. Nc3 d6 7. Bf4 Nbd7 8. Qd3
Qe8 9. Qc4 Bd8 10. Rad1 Ne4 11. Qd3 Ndf6 12. Be3 b6 13. Nd2 Nxc3 14. Qxc3 Rb8
15. Qa3 a5 16. c4 Be7 17. Qd3 Ba6 18. Qb3 d5 19. Bf4 Bd6 20. Bxd6 cxd6 21. Rc1
dxc4 22. Nxc4 a4 23. Qb4 d5 24. Ne5 Bxe2 25. Rfe1 Qb5 26. Qd6 Rbe8 27. Rc2 Bd3
28. Rc6 Ne4 29. Qc7 Nxf2 30. Qxb6 Ne4 31. Rxe6 Rc8 32. Qxb5 Bxb5 33. Rb6 Rb8 34.
Rxb8 Rxb8 35. Rc1 g5 36. Rc2 Ba6 37. a3 Rb3 38. Bh3 g4 39. Bg2 h5 40. Rc6 Bb5
41. Rb6 Rxb2 42. Bf1 Nc3 43. Rb8+ Kg7 44. Rb7+ Kf6 45. Rb6+ Kg7 46. Rb7+ Kf6 47.
Rb6+ Kg7 {Game drawn by mutual agreement} 1/2-1/2  aics%

[Event "Team 45 45 League T"]
[Site "Internet Chess Club"]
[Date "2006.05.20"]
[Round ""]
[White "BartL"]
[Black "egd01"]
[Result "1-0"]
[WhiteElo "1662"]
[BlackElo "1671"]
[TimeControl "2700+45"]

1. e4 c5 2. Nf3 d6 3. d4 cxd4 4. Nxd4 Nf6 5. Nc3 a6 6. Bg5 e5 7. Nb3 Be6 8. Qd2
Nbd7 9. Be2 Be7 10. f4 b5 11. f5 Bxb3 12. axb3 b4 13. Na4 Nxe4 14. Bxe7 Nxd2 15.
Bxd8 Rxd8 16. Kxd2 Ra8 17. Bf3 Ra7 18. Bc6 Ke7 19. Bxd7 Rxd7 20. Nb6 Ra7 21.
Nd5+ Kd7 22. Nxb4 a5 23. Ra4 g6 24. fxg6 hxg6 25. Rf1 f5 26. h3 Ke6 27. Nc6 Ra6
28. Nxa5 g5 29. Nc4 Rc6 30. Ne3 f4 31. Ng4 d5 32. c3 Rb8 33. Re1 e4 34. b4 Kf5
35. Ra7 e3+ 36. Nxe3+ fxe3+ 37. Rxe3 d4 38. Rf3+ Kg6 39. g4 dxc3+ 40. bxc3 Rd8+
41. Rd3 Rf8 42. b5 Rf2+ 43. Ke1 Rcf6 44. Ra6 Rf1+ 45. Kd2 Rf2+ 46. Kd1 Rf1+ 47.
Kc2 Rf2+ 48. Kb3 {Black resigns} 1-0  aics%

[Event "Team 45 45 League T30"]
[Site "Internet Chess Club"]
[Date "2006.05.21"]
[Round "9"]
[White "blancaas"]
[Black "burgers"]
[Result "1-0"]
[WhiteElo "1819"]
[BlackElo "1629"]
[TimeControl "2700+45"]

1. d4 Nf6 2. c4 e6 3. Nc3 Bb4 4. Qc2 d5 5. e3 O-O 6. Nf3 c5 7. Be2 Nc6 8. O-O
cxd4 9. Nxd4 Nxd4 10. exd4 dxc4 11. Bxc4 Bd7 12. Qb3 Bxc3 13. bxc3 Bc6 14. Bg5
h6 15. Bh4 a6 16. Rfd1 b5 17. Bxe6 fxe6 18. Qxe6+ Kh7 19. Qxc6 Qd5 20. Qxd5 Nxd5
21. Rac1 Rae8 22. Bg3 Re2 23. c4 bxc4 24. Rxc4 Rxa2 25. Rdc1 Re8 26. Be5 Rb8 27.
Bxb8 {Black resigns} 1-0  aics%

[Event "Team 45 45 League T30"]
[Site "Internet Chess Club"]
[Date "2006.05.22"]
[Round "9"]
[White "SandiaCaveMan"]
[Black "Tomate"]
[Result "0-1"]
[WhiteElo "1331"]
[BlackElo "1353"]
[TimeControl "2700+45"]

1. d4 Nf6 2. Nf3 g6 3. e3 Bg7 4. Bd3 d6 5. h3 O-O 6. Nbd2 Nc6 7. c3 Re8 8. e4 e5
9. d5 Ne7 10. c4 Nd7 11. b4 c6 12. Nb3 cxd5 13. c5 Nf6 14. Qc2 dxe4 15. Bxe4
Nxe4 16. cxd6 Qxd6 17. Qxe4 Bf5 18. Qh4 e4 19. Ng5 h6 20. Bf4 Qxb4+ 21. Bd2 hxg5
22. Bxb4 gxh4 23. Rc1 Nd5 24. Bd2 e3 25. fxe3 Nxe3 26. Bxe3 Rxe3+ 27. Kf2 Rae8
28. Rhe1 Rxe1 29. Rxe1 Rxe1 30. Kxe1 Be4 31. Kf2 f5 32. Nd2 Bd4+ 33. Kf1 Kf7 34.
Nb3 Bd3+ 35. Ke1 Bc3+ 36. Kd1 Be4 37. Nc5 Bxg2 38. Kc2 Bd4 39. Nb3 Bb6 40. Nd2
f4 41. Kd1 Bxh3 42. Nf3 Bd8 43. Kd2 g5 44. Kd3 Bf5+ 45. Kd4 g4 46. Ne5+ Ke6 47.
Nxg4 Bxg4 48. Ke4 Bc7 {White resigns} 0-1  aics%

[Event "Team 45 45 League T30"]
[Site "Internet Chess Club"]
[Date "2006.05.18"]
[Round "9"]
[White "Visin"]
[Black "Traho"]
[Result "1-0"]
[WhiteElo "1402"]
[BlackElo "1272"]
[TimeControl "2700+45"]

1. c4 e5 2. Nc3 d6 3. e4 Be6 4. Nf3 Nd7 5. d4 Bg4 6. Be2 Ngf6 7. h3 Bh5 8. dxe5
dxe5 9. Nd2 Bxe2 10. Qxe2 Bb4 11. Qf3 c6 12. a3 Ba5 13. b4 Bc7 14. O-O O-O 15.
Nb3 a5 16. Rd1 Qc8 17. Bg5 h6 18. Bh4 Bd8 19. Ra2 a4 20. Nc5 Nxc5 21. bxc5 Qc7
22. Qg3 Nh5 23. Bxd8 Rfxd8 24. Qf3 Nf6 25. Rad2 Rd7 26. Qe3 Kf8 27. Rxd7 Nxd7
28. Rd6 Re8 29. Nxa4 Qa5 30. Rxd7 Qxa4 31. Qf3 Re7 32. Rd8+ Re8 33. Qd3 Qa5 34.
Qd6+ {Black resigns} 1-0  aics%

[Event "Team 45 45 League T30"]
[Site "Internet Chess Club"]
[Date "2006.05.21"]
[Round "9"]
[White "littleboo"]
[Black "Dalcon"]
[Result "1-0"]
[WhiteElo "1324"]
[BlackElo "1342"]
[TimeControl "2700+45"]

1. e4 g6 2. d4 d6 3. c3 Nf6 4. Bb5+ Nbd7 5. Qf3 c6 6. Bd3 Bg7 7. Be3 O-O 8. Nd2
Re8 9. Ne2 e5 10. O-O d5 11. exd5 cxd5 12. Bc2 e4 13. Qg3 b6 14. Bb3 Nf8 15. Nf4
Be6 16. f3 exf3 17. Nxe6 Nxe6 18. Qxf3 Nc7 19. Bf4 Rc8 20. Be5 Ne6 21. Bxf6 Bxf6
22. Qxf6 Qxf6 23. Rxf6 Nc7 24. Rd6 Re2 25. Rd1 Re6 26. Rd7 Nb5 27. Bxd5 Rd6 28.
Bxf7+ Kf8 29. Rxd6 Nxd6 30. Bd5 Nf5 31. Be6 Re8 32. Bxf5 gxf5 33. Rf1 Re2 34.
Rxf5+ Ke7 35. Re5+ Rxe5 36. dxe5 Ke6 37. Nf3 {Black resigns} 1-0  aics%

[Event "Team 45 45 League T30"]
[Site "Internet Chess Club"]
[Date "2006.05.19"]
[Round "9"]
[White "GLuft"]
[Black "fabill"]
[Result "1-0"]
[WhiteElo "1256"]
[BlackElo "1229"]
[TimeControl "2700+45"]

1. e4 e6 2. d4 c5 3. Nf3 d6 4. Bb5+ Nd7 5. dxc5 a6 6. Ba4 Qa5+ 7. c3 Qxc5 8. Be3
Qh5 9. Nbd2 b5 10. Ng5 Qxd1+ 11. Bxd1 Be7 12. Be2 Bb7 13. O-O Ngf6 14. f4 h6 15.
Ngf3 Nxe4 16. Nxe4 Bxe4 17. Nd4 Bb7 18. Bf3 Bxf3 19. Rxf3 Rc8 20. Rc1 O-O 21. b4
Nb6 22. Nxe6 fxe6 23. Bxb6 Bf6 24. Kf1 Rf7 25. Ke2 Rb7 26. Ba5 d5 27. g3 Rbb8
28. Re3 Rc6 29. Rf3 d4 30. Rff1 Rbc8 31. Kd2 Rd6 32. cxd4 Rxd4+ 33. Ke3 Rxc1 34.
Rxc1 Rc4 35. Rxc4 bxc4 36. Kd2 Kf7 37. a4 Ke7 38. b5 axb5 39. axb5 Kd7 40. Bc3
Bxc3+ 41. Kxc3 Kc7 42. Kxc4 Kb6 43. g4 g6 44. h4 Ka5 45. Kc5 Ka4 46. b6 Ka5 47.
b7 Ka6 48. b8=Q {Black resigns} 1-0  aics%